cohdb
Replays
Latest Replays
All Replays
Popular Replays
Top Player Replays
Match Explorer
How It Works
Community
CoH3 Stats
Reddit
Sign in to upload your games and track your stats! →
Sign in with Steam
Match 41790271
Unlisted
Match 41790271
Overview
Messages
Build Orders
End
Selects Indian Artillery Battlegroup
Vickers Machine Gun Team
Construct Section Command Post
Infantry Section
Infantry Section
Construct Platoon Command Post
Selects Valour
Infantry Section
Selects Gurkha Rifles Section
6-pounder Anti-tank Gun Team
PINGWIN
Greg the Human
Siara
[82AD] PaulVmax
FloppyBob
A Chunky Chaffinch
0
0
Comments
sign in to comment!
No comments posted yet!